 Dungeon Crawl Stone Soup version 0.31.0-9-g3a7656b989 (webtiles) character file.

Game seed: 14918811689790132637

4169 Kenran the Grappler (level 10, -4/53 HPs)
             Began as a Vine Stalker Chaos Knight on Jan 30, 2024.
             Was an Initiate of Gozag.
             Slain by a hornet (12 damage)
             ... on level 8 of the Dungeon.
             The game lasted 00:17:48 (6109 turns).

Kenran the Grappler (Vine Stalker Chaos Knight)     Turns: 6109, Time: 00:17:49

Health: -4/53      AC:  8    Str: 18 (19) XL:     10   Next: 28%
Magic:  0/11       EV:  9    Int: 15 (16) God:    Gozag
Gold:   534        SH:  3    Dex:  9 (12) Spells: 9/9 levels left

rFire   . .          .
                       - Unarmed
rCold   + . .        E - +0 buckler
rNeg    . . .        B - +2 scale mail {rC+}
rPois   .            o - +0 helmet
rElec   .            (no cloak)
rCorr   +            (no gloves)
SInv    .            l - +0 pair of boots
Will    +....        (no amulet) Stlth
                     f - ring of flight
HPRegen 1.08/turn    j - ring of resist corrosion
MPRegen 0.12/turn

%: guardian spirit
@: flying, slowed, very slow
A: fangs 3, regeneration 1, magic shield, antimagic bite, no potion heal 2,
clever 1, deformed body, deterioration 2
a: Renounce Religion, Potion Petition, Call Merchant, Bribe Branch


You were on level 8 of the Dungeon.
You worshipped Gozag.
Gozag was pleased with you.
You visited 2 branches of the dungeon, and saw 9 of its levels.

You collected 812 gold pieces.
You spent 228 gold pieces at shops.
You paid 50 gold pieces to Gozag.

Inventory:

Missiles
 a - a curare-tipped dart
 b - 21 poisoned darts (quivered)
Armour
 l - a +0 pair of boots (worn)
 o - a +0 helmet (worn)
 B - a +2 scale mail of cold resistance (worn)
 E - a +0 buckler (worn)
Jewellery
 f - a ring of flight (left hand)
 j - a ring of resist corrosion (right hand)
 k - a +6 ring of dexterity
Wands
 D - a wand of polymorph (7)
 F - a wand of digging (3)
Scrolls
 c - 4 scrolls of enchant weapon
 d - a scroll of revelation
 p - 2 scrolls of blinking
 q - a scroll of fog
 s - 3 scrolls of poison {!r}
 t - a scroll of teleportation
 u - a scroll of torment {unknown}
 v - a scroll of fear
 y - a scroll of immolation {unknown}
 z - a scroll of butterflies
 C - a scroll of brand weapon {unknown}
Potions
 e - 4 potions of brilliance
 h - a potion of haste {unknown}
 i - a potion of ambrosia
 m - a potion of degeneration {unknown}
 n - a potion of invisibility {unknown}
 r - a potion of heal wounds {unknown}
 w - a potion of cancellation {unknown}
 x - 2 potions of curing {@q1}
 A - a potion of enlightenment {unknown}


   Skills:
 + Level 6.9 Fighting
 * Level 4.9 Armour
 - Level 1.0 Dodging
 + Level 11.7 Unarmed Combat
 - Level 2.0 Evocations


You had 9 spell levels left.
You didn't know any spells.
Your spell library contained the following spells:

 Spells                   Type           Power      Damage    Failure   Level
 Kiss of Death            Conj/Necr      0%         2d5       71%         1
 Confusing Touch          Hex            0%         N/A       97%         3
 Frozen Ramparts          Ice            0%         1d1       97%         3
 Inner Flame              Hex/Fire       0%         N/A       97%         3
 Dispel Undead            Necr           0%         3d6       100%        4
 Leda's Liquefaction      Alch/Erth      0%         N/A       100%        4
 Petrify                  Alch/Erth      0%         N/A       100%        4
 Irradiate                Conj/Alch      0%         3d11      100%        5
 Metabolic Englaciation   Hex/Ice        0%         N/A       100%        5
 Summon Forest            Summ/Tloc      0%         N/A       100%        5
 Summon Mana Viper        Hex/Summ       0%         N/A       100%        5
 Summon Cactus Giant      Summ           0%         N/A       100%        6
 Ignition                 Fire           0%         3d3       100%        8


Dungeon Overview and Level Annotations

Branches:
Dungeon (8/15)             Temple (1/1) D:4
   Lair: D:8-11

Altars:
Ashenzari
Dithmenos
Elyvilon
Fedhas
Gozag
Hepliaklqana
Kikubaaqudgha
Makhleb
Okawaru
Qazlal
Sif Muna
Uskayaw
Vehumet
Wu Jian
Xom
Yredelemnul
Zin
The Shining One

Shops:
D:3 ([((   D:5 *?:=   D:7 ?

Annotations:
D:7 3 runed translucent doors, CapUranus's ghost, novice GrFi


Innate Abilities, Weirdness & Mutations

You have razor-sharp teeth.
Your natural rate of healing is unusually fast.
When hurt, damage is shared between your health and your magic reserves.
Your bite disrupts and absorbs the magic of your enemies.
Potions cannot restore your health.
Your mind is acute. (Int +4, Str/Dex -1)
Armour fits poorly on your strangely shaped body.
Your body often deteriorates upon taking damage.


Message History

You now have 534 gold pieces (gained 6).
You start resting.
HP restored.
Magic restored.
A hornet comes into view.
You block the hornet's attack.
You closely miss the hornet. Your bite misses the hornet.
The hornet stings you!
Your body deteriorates!
You feel dopey.
You feel yourself slow down. The hornet completely misses you.
You punch the hornet!
The hornet is moderately wounded.
The hornet stings you.
You are poisoned.
You feel as though you will be slow longer.
You closely miss the hornet.
The hornet is moderately wounded.
You feel very sick. The hornet stings you!
You are more poisoned.
You feel as though you will be slow longer.
The hornet stings you.
You are more poisoned.
You feel as though you will be slow longer.
You closely miss the hornet. Your bite misses the hornet.
The hornet is moderately wounded.
You feel extremely sick. The hornet stings you!
* * * LOW HITPOINT WARNING * * *
Your body deteriorates!
You feel weakened.
You feel as though you will be slow longer.
The hornet stings you!
* * * LOW HITPOINT WARNING * * *
Your body deteriorates!
You feel clumsy.
You feel as though you will be slow longer.
It was a potion of curing.
Your system rejects the healing.
You feel better. The hornet stings you!
You die...
Xom bursts into laughter!
Your body crumbles into a pile of gold.

.......
.#.#### #..
....... #.#
##.#### #.#
...... #.#
###### #.#
#.# #y# #@#
#.#.####
#......#
###.##.#
#.##.# #
#.##.#
######.####
#.##.#
....[..>...
..#.##.#
##...#.##.#
#.#.##.#####


You could see a hornet.

Vanquished Creatures
  A harpy (D:3)
  A slime creature (D:8)
  Sigmund (D:4)
  3 yaks (D:6)
  A shadow (D:6)
  A steam dragon (D:7)
  A water moccasin (D:7)
  4 ice beasts
  A sky beast (D:6)
  2 black bears
  2 ogres (D:5)
  A centaur (D:7)
  2 phantoms
  Blork the orc (D:4)
  A kobold brigand (D:4)
  A bullfrog (D:7)
  5 scorpions
  4 wights (D:8)
  5 hounds
  2 bombardier beetles (D:3)
  An orc priest (D:5)
  2 gnoll boudas
  Terence (D:3)
  An orc wizard (D:5)
  3 sleepcaps
  2 iguanas
  23 gnolls
  6 adders
  A shadow imp (D:6)
  3 dart slugs
  28 orcs
  7 endoplasms
  9 hobgoblins
  14 jackals
  15 kobolds
  2 quokkas (D:1)
  6 ball pythons
  3 bats
  4 frilled lizards
  9 goblins
  9 rats
189 creatures vanquished.

Notes
Turn   | Place    | Note
-------+----------+-------------------------------------------
     0 | D:1      | Kenran the Vine Stalker Chaos Knight began the quest for
                  | the Orb.
     0 | D:1      | Reached XP level 1. HP: 11/11 MP: 2/2
    11 | D:1      | XOM: silly message
   172 | D:1      | XOM: summons 1 hostile demon
   173 | D:1      | Noticed a crimson imp
   215 | D:2      | Reached XP level 2. HP: 16/16 MP: 1/3
   274 | D:2      | Reached skill level 4 in Unarmed Combat
   369 | D:2      | XOM: butterfly on damage
   374 | D:2      | Reached XP level 3. HP: 13/19 MP: 2/4
   387 | D:2      | XOM: give mutation
   387 | D:2      | Gained mutation: Armour fits poorly on your strangely
                  | shaped body. [Xom's mischief]
   480 | D:2      | XOM: smoke on damage
   599 | D:2      | XOM is BORED!
   759 | D:3      | Found Hicrusmo's Weapon Emporium.
   788 | D:3      | XOM: blink monster(s)
   795 | D:3      | Found Xuthre's Antique Armour Boutique.
   821 | D:1      | XOM: noise
  1370 | D:3      | XOM: stat loss: -1 Int (11/12)
  1393 | D:3      | Reached XP level 4. HP: 23/23 MP: 5/5
  1412 | D:3      | Reached skill level 5 in Unarmed Combat
  1453 | D:3      | Found Read's Antique Weapon Boutique.
  1494 | D:3      | XOM: 1-stop teleportation journey
  1498 | D:3      | a gnoll bouda changed into an ice beast
  1498 | D:3      | Noticed an ice beast
  1498 | D:3      | XOM: polymorph gnoll bouda -> ice beast
  1512 | D:3      | XOM: chaos upgrade
  1519 | D:3      | XOM: god gift: wand of light (5)
  1539 | D:3      | Found a blossoming altar of Fedhas.
  1539 | D:3      | XOM: 2-stop teleportation journey
  1541 | D:3      | XOM: silly message
  1559 | D:3      | Reached XP level 5. HP: 24/27 MP: 4/6
  1596 | D:3      | XOM: potion effect (brilliance)
  1617 | D:3      | Noticed Terence
  1617 | D:3      | Noticed a kobold brigand
  1617 | D:3      | XOM: 9-stop teleportation journey
  1683 | D:3      | Reached skill level 6 in Unarmed Combat
  1763 | D:3      | Found Dokeihich's Weapon Shoppe.
  1825 | D:3      | XOM: give mutations
  1825 | D:3      | Gained mutation: You possess an exceptional clarity of
                  | mind. [Xom's mischief]
  1825 | D:3      | Gained mutation: Your body sometimes deteriorates upon
                  | taking damage. [Xom's mischief]
  1825 | D:3      | Gained mutation: Your mind is acute. (Int +4, Str/Dex -1)
                  | [Xom's mischief]
  1836 | D:3      | Killed Terence
  1837 | D:3      | Reached skill level 1 in Dodging
  1943 | D:3      | Bought a helmet for 99 gold pieces
  2036 | D:3      | Reached XP level 6. HP: 30/32 MP: 7/7
  2063 | D:3      | Reached skill level 1 in Evocations
  2131 | D:3      | a kobold brigand changed into a harpy
  2131 | D:3      | Noticed a harpy
  2131 | D:3      | XOM: polymorph kobold brigand -> harpy
  2178 | D:3      | Killed a harpy
  2179 | D:3      | Reached skill level 8 in Unarmed Combat
  2179 | D:3      | Reached XP level 7. HP: 30/36 MP: 6/8
  2215 | D:3      | XOM: silly message
  2273 | D:3      | XOM: draining
  2374 | D:3      | Found a burning altar of Makhleb.
  2428 | D:3      | Found a burning altar of Makhleb.
  2435 | D:3      | Found a blossoming altar of Fedhas.
  2465 | D:3      | Found Read's Antique Weapon Boutique.
  2467 | D:3      | Found Xuthre's Antique Armour Boutique.
  2475 | D:3      | Gained mutation: You have razor-sharp teeth. [Vine Stalker
                  | growth]
  2475 | D:3      | Reached XP level 8. HP: 36/42 MP: 6/9
  2564 | D:4      | Noticed Sigmund
  2580 | D:4      | Killed Sigmund
  2642 | D:4      | XOM: 1-stop teleportation journey
  2720 | D:3      | Found Hicrusmo's Weapon Emporium.
  2817 | D:3      | Found Dokeihich's Weapon Shoppe.
  2817 | D:3      | XOM: 7-stop teleportation journey
  2871 | D:4      | Noticed Blork the orc
  2880 | D:4      | Killed Blork the orc
  2881 | D:4      | Reached skill level 9 in Unarmed Combat
  2987 | D:4      | Found a staircase to the Ecumenical Temple.
  2996 | Temple   | Entered the Ecumenical Temple
  3031 | Temple   | Fell from the grace of Xom
  3031 | Temple   | Became a worshipper of Gozag Ym Sagoz the Greedy
  3389 | D:5      | Entered Level 5 of the Dungeon
  3399 | D:5      | Reached skill level 5 in Fighting
  3482 | D:5      | Found Juihip's Assorted Antiques.
  3652 | D:5      | HP: 2/44 [ogre/+0 giant club (27)]
  3654 | D:5      | Reached XP level 9. HP: 3/48 MP: 0/10
  3661 | D:5      | Reached skill level 10 in Unarmed Combat
  3800 | D:5      | Found Duajofaq's Book Shop.
  3809 | D:5      | Found Iwudghad's Magic Scroll Shoppe.
  3813 | D:5      | Bought a scroll of teleportation for 33 gold pieces
  3813 | D:5      | Bought a scroll of fear for 44 gold pieces
  3813 | D:5      | Bought a scroll of identify for 22 gold pieces
  3962 | D:5      | Found Vimeff's Jewellery Emporium.
  4075 | D:5      | Bought a scroll labelled QUCVOFABADD for 30 gold pieces
  4287 | D:6      | Reached skill level 11 in Unarmed Combat
  4898 | D:7      | Reached XP level 10. HP: 41/53 MP: 11/11
  5100 | D:7      | Identified the +3 hand axe of Drought {protect, rPois rF-
                  | rN+ Str+5}
  5208 | D:7      | XOM: give mutations
  5208 | D:7      | Gained mutation: Your body often deteriorates upon taking
                  | damage. [Xom's mischief]
  5208 | D:7      | Lost mutation: You possess an exceptional clarity of mind.
                  | [Xom's mischief]
  5508 | D:7      | Found Uceum's Magic Scroll Boutique.
  5564 | D:7      | XOM: enchant monster (bad)
  5634 | D:7      | Found a runed translucent gate.
  5634 | D:7      | Found a runed translucent gate.
  5634 | D:7      | Found a runed translucent gate.
  5638 | D:7      | Noticed CapUranus's ghost (novice GrFi)
  6109 | D:8      | Slain by a hornet

Illustrated notes

Levels and vault maps discovered:
D:1:      minmay_arrival_plants_in_alcoves, layout_basic, serial_bayou_pond_b
D:2:      layout_rooms, hangedman_decor_points
D:3:      lemuel_castle_with_subvaults [lemuel_castle_interior_carwin_3],
          layout_rooms, mainiacjoe_overflow_large_starburst, serial_shops,
          nicolae_shop_tiny_glass, shop, shop, shop, uniq_terence
D:4:      cheibrodos_thug_alley, layout_cave_pools, lemuel_temple_firewalk_b,
          nicolae_elevator_lobby_asterisk, uniq_sigmund, uniq_blork_the_orc
D:5:      layout_loops_ring, serial_shops, nicolae_inconvenience_store, shop,
          shop, shop, minmay_circle_x
D:6:      layout_loops_ring
D:7:      layout_cave_pods, biasface_ghost_orc_armoury, serial_shops,
          nicolae_shop_just_a_little_nook
D:8:      layout_loops_ring
Temple:   nicolae_temple_elliptical

Skill      XL: |  1  2  3  4  5  6  7  8  9 10 |
---------------+-------------------------------+-----
Unarmed Combat | 4 5 6 8 9 11 | 11.7
Dodging        | 1 |  1.0
Fighting       | 3 5 6 |  6.9
Armour         | 2 3 4 |  4.9
Evocations     | 2 |  2.0

Action                     |  1- 3 |  4- 6 |  7- 9 | 10-12 || total
---------------------------+-------+-------+-------+-------++-------
  Melee: Unarmed           |   118 |   175 |   230 |    65 ||   588
         Bite              |    28 |    48 |    69 |    23 ||   168
         Punch             |     5 |     2 |    12 |     1 ||    20
  Throw: Dart              |       |     1 |     1 |       ||     2
  Evoke: Wand              |       |     3 |     7 |       ||    10
    Use: Scroll            |     4 |     2 |     4 |     1 ||    11
         Potion            |       |     1 |       |     1 ||     2
   Stab: Sleeping          |       |     1 |       |       ||     1
         Invisible         |       |       |     4 |       ||     4
 Armour: Leather armour    |    54 |    80 |    94 |       ||   228
         Scale mail        |       |       |    20 |    55 ||    75
  Dodge: Dodged            |    52 |    92 |    84 |    26 ||   254
  Block: Buckler           |       |       |       |     2 ||     2
